 Dungeon Crawl Stone Soup version 0.30-a0-1114-gd936c97349 (webtiles) character file.

Game seed: 8715162989689273796

1953 retardedninja the Magician (level 9, -1/65 HPs)
             Began as a Gnoll Fire Elementalist on Apr 20, 2023.
             Slain by an orc warrior
             ... wielding a +0 flail
              (16 damage)
             ... on level 7 of the Dungeon.
             The game lasted 00:14:22 (8685 turns).

retardedninja the Magician (GnFE)                   Turns: 8685, Time: 00:14:22

Health: -1/65      AC:  2    Str:  7    XL:     9   Next: 19%
Magic:  8/18       EV: 14    Int: 18    God:
Gold:   340        SH:  0    Dex: 14    Spells: 18/21 levels left

rFire   . . .      SeeInvis .    l - +0 halberd
rCold   . . .      Faith    .    (shield currently unavailable)
rNeg    . . .      Spirit   .    a - +0 robe
rPois   +          Reflect  .    (no helmet)
rElec   .          Rampage  .    (no cloak)
rCorr   .                        (no gloves)
Will    .....                    (no boots)
Stlth   +++                      (no amulet)
HPRegen 0.30/turn                x - ring of wizardry
MPRegen 0.16/turn                h - ring of poison resistance

@: no status effects
A: fangs 1, strong nose, distributed training
a: no special abilities


You were on level 7 of the Dungeon.
You visited 1 branch of the dungeon, and saw 7 of its levels.

You collected 340 gold pieces.

Inventory:

Hand Weapons
 l - a +0 halberd (weapon)
Armour
 a - a +0 robe (worn)
Jewellery
 h - a ring of poison resistance (right hand)
 x - a ring of wizardry (left hand)
 B - a ring of see invisible
Wands
 v - a wand of iceblast (10)
 w - a wand of mindburst (23)
 z - a wand of acid (5)
Scrolls
 e - a scroll of poison {unknown}
 f - 9 scrolls of identify {unknown}
 i - a scroll of teleportation {unknown}
 k - a scroll of summoning {unknown}
 o - 2 scrolls of brand weapon {unknown}
 p - 3 scrolls of fear {unknown}
 q - a scroll of blinking {unknown}
 u - a scroll of immolation {unknown}
 y - a scroll of vulnerability {unknown}
 C - a scroll of noise {unknown}
Potions
 b - a potion of haste {unknown}
 c - 3 potions of brilliance {unknown}
 g - 2 potions of ambrosia {unknown}
 j - a potion of mutation {unknown}
 m - a potion of degeneration {unknown}
 n - a potion of invisibility {unknown}
 r - a potion of lignification {unknown}
 s - a potion of attraction {unknown}
 t - a potion of cancellation {unknown}
 A - a potion of might {unknown}
 D - a potion of berserk rage {unknown}


   Skills:
 + Level 4.1 Fighting
 + Level 4.1 Short Blades
 + Level 4.1 Long Blades
 + Level 4.1 Axes
 + Level 4.1 Maces & Flails
 + Level 4.1 Polearms
 + Level 4.1 Staves
 + Level 4.1 Ranged Weapons
 + Level 4.1 Throwing
 + Level 4.1 Armour
 + Level 6.2 Dodging
 + Level 6.0 Stealth
 + Level 4.1 Shields
 + Level 4.1 Unarmed Combat
 + Level 6.6 Spellcasting
 + Level 4.1 Conjurations
 + Level 3.4 Hexes
 + Level 3.4 Summonings
 + Level 3.4 Necromancy
 + Level 3.4 Translocations
 + Level 3.4 Transmutations
 + Level 6.5 Fire Magic
 + Level 3.4 Ice Magic
 + Level 3.4 Air Magic
 + Level 3.4 Earth Magic
 + Level 3.4 Poison Magic
 + Level 4.5 Invocations
 + Level 4.1 Evocations


You had 18 spell levels left.
You knew the following spells:

 Your Spells              Type           Power      Damage    Failure   Level
a - Foxfire               Conj/Fire      100%       2x1d9     1%          1
b - Scorch                Fire           58%        2d7       1%          2

Your spell library contained the following spells:

 Spells                   Type           Power      Damage    Failure   Level
 Freeze                   Ice            72%        1d8       1%          1
 Kiss of Death            Conj/Necr      76%        2d11      1%          1
 Summon Small Mammal      Summ           72%        N/A       1%          1
 Inner Flame              Hex/Fire       23%        N/A       1%          3
 Volatile Blastmotes      Fire/Tloc      46%        2d13      1%          3
 Hailstorm                Conj/Ice       19%        3d6       2%          3
 Ignite Poison            Fire/Tmut/Pois 21%        N/A       2%          3
 Confusing Touch          Hex            18%        N/A       3%          3
 Frozen Ramparts          Ice            36%        1d6       3%          3
 Flame Wave               Conj/Fire      25%        2d8       5%          4
 Sticky Flame             Conj/Fire      25%        2d5       5%          4
 Dispel Undead            Necr           18%        3d11      12%         4
 Ignition                 Fire           14%        3d6       100%        8


Dungeon Overview and Level Annotations

Branches:
Dungeon (7/15)
 Temple: D:4-7

Altars:
Dithmenos
Elyvilon
Gozag
Kikubaaqudgha
Nemelex Xobeh
Okawaru
Sif Muna
Trog
Vehumet
Xom
Zin
The Shining One

Shops:
D:4 :

Annotations:
D:3 3 runed translucent doors, retardedninja's ghost, amateur GnFE


Innate Abilities, Weirdness & Mutations

You have very sharp teeth.
Your uncanny sense of smell can sniff out nearby items.
Your experience applies equally to all skills.


Message History

You kill the orc wizard!
You feel less confused.
The orc warrior throws a boomerang.
The boomerang hits you!
Things that are here:
a +0 dagger; a +0 robe of resistance
Things that are here:
a +0 leather armour; a +0 hand axe; an orc skeleton The orc warrior throws a boomerang.
The boomerang barely misses you.
Casting: Scorch (safe; 1% risk of failure)
Confirm with . or Enter, or press ? or * to list all spells.
Flames lash the orc warrior.
The orc warrior is moderately wounded.
The orc warrior's fire resistance burns away.
The orc warrior hits you with a +0 flail!
Unknown command.
Casting: Scorch (safe; 1% risk of failure)
Confirm with . or Enter, or press ? or * to list all spells.
Flames lash the orc warrior.
The orc warrior is burned terribly!
The orc warrior is heavily wounded.
The orc warrior hits you with a +0 flail.
Unknown command.
Casting: Scorch (safe; 1% risk of failure)
Confirm with . or Enter, or press ? or * to list all spells.
Flames lash the orc warrior.
The orc warrior is burned terribly!
The orc warrior is severely wounded.
The orc warrior hits you with a +0 flail.
* * * LOW HITPOINT WARNING * * *
Unknown command.
Casting: Scorch (safe; 1% risk of failure)
Confirm with . or Enter, or press ? or * to list all spells.
Flames lash the orc warrior.
The orc warrior is severely wounded.
The orc warrior closely misses you.
Unknown command.
Casting: Scorch (safe; 1% risk of failure)
Confirm with . or Enter, or press ? or * to list all spells.
Flames lash the orc warrior.
The orc warrior is burned terribly!
The orc warrior is almost dead.
The orc warrior hits you with a +0 flail!
You die...

## ##..#
..$.).############.
......o@.[.<.......
....../..).).......
#############..[...
####.# # ∆


You could see an orc warrior (combustible).

Vanquished Creatures
  A hornet (D:6)
  A wyvern (D:7)
  2 black bears
  An ogre (D:6)
  2 centaurs
  2 kobold brigands
  Blork the orc (D:6)
  A phantom (D:4)
  A bullfrog (D:5)
  A scorpion (D:5)
  3 hounds
  A jelly (D:4)
  3 orc priests
  4 iguanas
  9 orc wizards
  10 adders
  2 shadow imps (D:6)
  A white imp (D:5)
  2 worms
  2 dart slugs (D:4)
  21 orcs
  9 ball pythons
  13 endoplasms
  3 giant cockroaches
  6 hobgoblins
  3 jackals (D:3)
  8 quokkas
  7 bats
  A frilled lizard (D:1)
  11 goblins
  12 kobolds
  4 rats
148 creatures vanquished.

Vanquished Creatures (others)
  479 foxfires
479 creatures vanquished.

Grand Total: 627 creatures vanquished

Notes
Turn   | Place    | Note
-------+----------+-------------------------------------------
     0 | D:1      | retardedninja the Gnoll Fire Elementalist began the quest
                  | for the Orb.
     0 | D:1      | Reached XP level 1. HP: 13/13 MP: 6/6
   113 | D:1      | Reached XP level 2. HP: 15/19 MP: 4/7
  1370 | D:1      | Reached skill level 5 in Spellcasting
  1370 | D:1      | Reached XP level 3. HP: 25/25 MP: 6/9
  1971 | D:2      | Reached skill level 1 in Invocations
  2094 | D:2      | Reached skill level 1 in Fighting
  2094 | D:2      | Reached skill level 1 in Short Blades
  2094 | D:2      | Reached skill level 1 in Long Blades
  2094 | D:2      | Reached skill level 1 in Axes
  2094 | D:2      | Reached skill level 1 in Maces & Flails
  2094 | D:2      | Reached skill level 1 in Polearms
  2094 | D:2      | Reached skill level 1 in Staves
  2094 | D:2      | Reached skill level 1 in Ranged Weapons
  2094 | D:2      | Reached skill level 1 in Throwing
  2094 | D:2      | Reached skill level 1 in Armour
  2094 | D:2      | Reached skill level 1 in Shields
  2094 | D:2      | Reached skill level 1 in Unarmed Combat
  2094 | D:2      | Reached skill level 1 in Evocations
  2114 | D:2      | Learned a level 2 spell: Scorch
  2267 | D:2      | Reached XP level 4. HP: 30/32 MP: 7/11
  2889 | D:3      | Reached skill level 1 in Hexes
  2889 | D:3      | Reached skill level 1 in Summonings
  2889 | D:3      | Reached skill level 1 in Necromancy
  2889 | D:3      | Reached skill level 1 in Translocations
  2889 | D:3      | Reached skill level 1 in Transmutations
  2889 | D:3      | Reached skill level 1 in Ice Magic
  2889 | D:3      | Reached skill level 1 in Air Magic
  2889 | D:3      | Reached skill level 1 in Earth Magic
  2889 | D:3      | Reached skill level 1 in Poison Magic
  3158 | D:3      | Reached XP level 5. HP: 30/37 MP: 7/12
  3492 | D:3      | Found a runed translucent gate.
  3493 | D:3      | Found a runed translucent gate.
  3494 | D:3      | Found a runed translucent gate.
  3498 | D:3      | Found an opulent altar of Gozag.
  3500 | D:3      | Noticed retardedninja's ghost (amateur GnFE)
  3912 | D:4      | Noticed a kobold brigand
  3926 | D:4      | Noticed a phantom
  3928 | D:4      | Killed a kobold brigand
  3929 | D:4      | Reached XP level 6. HP: 39/44 MP: 1/13
  4072 | D:4      | Reached skill level 5 in Dodging
  4236 | D:4      | Noticed a black bear
  4267 | D:4      | Killed a black bear
  4268 | D:4      | Reached XP level 7. HP: 24/51 MP: 0/15
  4675 | D:4      | Found an iron altar of Okawaru.
  4879 | D:4      | Found a bloodstained altar of Trog.
  4879 | D:4      | Found a shimmering altar of Xom.
  4975 | D:4      | Found Gaipn's Tremendous Tomes.
  5088 | D:5      | Entered Level 5 of the Dungeon
  5266 | D:5      | Reached skill level 5 in Stealth
  5983 | D:5      | Found a glowing silver altar of Zin.
  5983 | D:5      | Found a glowing golden altar of the Shining One.
  5983 | D:5      | Found a white marble altar of Elyvilon.
  5998 | D:5      | Reached XP level 8. HP: 31/58 MP: 10/16
  6167 | D:5      | Found an opulent altar of Gozag.
  6167 | D:5      | Found a sparkling altar of Nemelex Xobeh.
  6481 | D:5      | Found a shimmering blue altar of Sif Muna.
  6698 | D:5      | Got Sif Muna's Grimoire of the Union
  6704 | D:5      | Found an ancient bone altar of Kikubaaqudgha.
  6736 | D:5      | Found a radiant altar of Vehumet.
  7275 | D:6      | Noticed Blork the orc
  7285 | D:6      | Killed Blork the orc
  7906 | D:6      | Found a shadowy altar of Dithmenos.
  8018 | D:7      | Noticed a wyvern
  8022 | D:7      | Killed a wyvern
  8023 | D:7      | Reached XP level 9. HP: 63/65 MP: 9/18
  8024 | D:7      | Noticed a hornet
  8202 | D:6      | Killed a hornet
  8685 | D:7      | Slain by an orc warrior

Illustrated notes

Levels and vault maps discovered:
D:1:      scummos_arrival_simple_crosswalls, layout_basic,
          minmay_misc_feat_nine_boxes, minmay_tetromino_l4
D:2:      layout_loops_ring
D:3:      layout_loops_ring, ebering_ghost_gozag
D:4:      layout_cave_pools, lemuel_round_altar, nicolae_overflow_two_pavilions,
          nicolae_shop_i_like_big_books, kennysheep_generic_room_6
D:5:      layout_loops_ring, dreamdust_divine_triumvirate,
          palyth_temple_overflow_mages, grunt_temple_overflow_opulence
D:6:      layout_rooms, kennysheep_little_box, lemuel_flame_loot_1,
          uniq_blork_the_orc
D:7:      layout_layer_cave, minmay_temple_entry_statues_pillars,
          uniq_crazy_yiuf_cottage, uniq_joseph

Skill      XL: |  1  2  3  4  5  6  7  8  9 |
---------------+----------------------------+-----
Conjurations   | 2 3 4 |  4.1
Spellcasting   | 5 6 |  6.6
Invocations    | 1 2 3 4 |  4.5
Fighting       | 1 2 3 4 |  4.1
Short Blades   | 1 2 3 4 |  4.1
Long Blades    | 1 2 3 4 |  4.1
Axes           | 1 2 3 4 |  4.1
Maces & Flails | 1 2 3 4 |  4.1
Polearms       | 1 2 3 4 |  4.1
Staves         | 1 2 3 4 |  4.1
Ranged Weapons | 1 2 3 4 |  4.1
Throwing       | 1 2 3 4 |  4.1
Armour         | 1 2 3 4 |  4.1
Shields        | 1 2 3 4 |  4.1
Unarmed Combat | 1 2 3 4 |  4.1
Evocations     | 1 2 3 4 |  4.1
Hexes          | 1 2 3 |  3.4
Summonings     | 1 2 3 |  3.4
Necromancy     | 1 2 3 |  3.4
Translocations | 1 2 3 |  3.4
Transmutations | 1 2 3 |  3.4
Ice Magic      | 1 2 3 |  3.4
Air Magic      | 1 2 3 |  3.4
Earth Magic    | 1 2 3 |  3.4
Poison Magic   | 1 2 3 |  3.4
Dodging        | 5 6 |  6.2
Stealth        | 5 6 |  6.0
Fire Magic     | 6 |  6.5

Action                     |  1- 3 |  4- 6 |  7- 9 || total
---------------------------+-------+-------+-------++-------
  Melee: Dagger            |    11 |       |       ||    11
         Punch             |     1 |       |       ||     1
         Bite              |     1 |       |       ||     1
         Quarterstaff      |     2 |       |       ||     2
         Halberd           |       |     7 |     5 ||    12
   Cast: Foxfire           |    89 |   114 |   105 ||   308
         Scorch            |       |    22 |    80 ||   102
  Evoke: Wand              |       |       |     3 ||     3
    Use: Potion            |       |     3 |     1 ||     4
   Stab: Sleeping          |     1 |       |       ||     1
 Armour: Robe              |     4 |    13 |     9 ||    26
  Dodge: Dodged            |    16 |    42 |    64 ||   122

Table legend: (Time is in decaauts)
 A = Elapsed time spent in this place.
 B = Non-inter-level travel time spent in this place.
 C = Inter-level travel time spent in this place.
 D = Time resting spent in this place.
 E = Time spent auto-exploring this place.
 F = Levels seen in this place.
 G = Mean time per level.
                   A        B        C        D        E       F      G
               +--------+--------+--------+--------+--------+-----+--------+
         Total |   8691 |   8563 |    128 |   1067 |   6304 |   7 | 1241.6 |
       Dungeon |   8691 |   8563 |    128 |   1067 |   6304 |   7 | 1241.6 |
               +--------+--------+--------+--------+--------+-----+--------+

Top non-repeatable levels by time:
     D:6: 1806 daAuts
     D:1: 1714 daAuts
     D:5: 1449 daAuts
     D:4: 1409 daAuts
     D:3: 1271 daAuts
     D:2: 1008 daAuts
     D:7: 32 daAuts
